 Dungeon Crawl Stone Soup version 0.31-a0-1-g4198be8af4 (webtiles) character file.

Game seed: 16673394401744579787

1187 cheesebisquit the Trooper (level 8, 71/71 HPs)
             Began as a White Draconian Fire Elementalist on May 1, 2023.
             Quit the game in the Ecumenical Temple.
             The game lasted 00:23:14 (8136 turns).

cheesebisquit the Trooper (DrFE)                    Turns: 8136, Time: 00:23:15

Health: 71/71      AC:  8    Str: 10    XL:     8   Next: 19%
Magic:  17/17      EV: 12    Int: 17    God:
Gold:   326        SH:  0    Dex: 13    Spells: 16/19 levels left

rFire   . . .        A - +2 war axe (elec)
rCold   + . .        (no shield)
rNeg    . . .        (body armour unavailable)
rPois   .            v - +1 hat
rElec   .            (no cloak)
rCorr   .            k - +0 pair of gloves
SInv    +            (no boots)
Will    .....        (no amulet)
Stlth   ++           j - ring of see invisible
HPRegen 0.31/turn    y - +4 ring of slaying
MPRegen 0.15/turn

%: no passive effects
@: no status effects
A: breathe frost, AC +6, unfitting armour, cold resistance 1, cold-blooded
a: Breathe Frost


You were in the Ecumenical Temple.
You visited 2 branches of the dungeon, and saw 8 of its levels.

You collected 326 gold pieces.

Inventory:

Hand Weapons
 d - a +0 heavy mace
 s - the +5 rapier "Mobag" {drain, Will- Str+6 Stlth+}
   (You found it on level 6 of the Dungeon)

   Str:       It affects your strength (+6).
   Will:      It decreases your willpower.
   Stlth:     It makes you more stealthy.
 t - a +0 great mace of flaming
 A - a +2 war axe of electrocution (weapon)
Missiles
 b - 6 poisoned darts
 i - 7 javelins
 w - a throwing net
Armour
 k - a +0 pair of gloves (worn)
 v - a +1 hat (worn)
Jewellery
 j - a ring of see invisible (left hand)
 y - a +4 ring of slaying (right hand)
 z - a ring of protection from fire
Wands
 m - a wand of flame (15)
Scrolls
 e - a scroll of brand weapon
 f - a scroll of silence {unknown}
 g - a scroll of fear {unknown}
 l - 2 scrolls of torment
 n - a scroll of immolation
 o - a scroll of teleportation
 p - a scroll of blinking
 u - a scroll of poison {unknown}
Potions
 a - 2 potions of magic
 c - a potion of ambrosia
 h - a potion of berserk rage
 q - 3 potions of curing
 r - a potion of mutation {unknown}
 x - a potion of flight {unknown}


   Skills:
 + Level 6.8 Fighting
 - Level 1.9 Dodging
 + Level 1.9 Stealth
 + Level 6.0 Spellcasting
 - Level 1.1 Conjurations
 - Level 2.4 Fire Magic
 + Level 4.1 Ice Magic


You had 16 spell levels left.
You knew the following spells:

 Your Spells              Type           Power      Damage    Failure   Level
a - Foxfire               Conj/Fire      44%        2x1d6     6%          1
b - Ensorcelled Hibernat  Hex/Ice        24%        N/A       9%          2

Your spell library contained the following spells:

 Spells                   Type           Power      Damage    Failure   Level
 Scorch                   Fire           26%        2d6       7%          2
 Shock                    Conj/Air       28%        1d4       10%         1
 Sublimation of Blood     Necr           5%         N/A       19%         2
 Inner Flame              Hex/Fire       9%         N/A       22%         3
 Volatile Blastmotes      Fire/Tloc      18%        2d11      22%         3
 Spider Form              Tmut/Pois      5%         N/A       36%         3
 Swiftness                Air            5%         N/A       36%         3
 Flame Wave               Conj/Fire      11%        2d6       52%         4
 Airstrike                Air            2%         2d(1-17)  77%         4
 Anguish                  Hex/Necr       2%         N/A       77%         4
 Cause Fear               Hex            2%         N/A       77%         4
 Manifold Assault         Tloc           5%         N/A       77%         4
 Petrify                  Tmut/Erth      5%         N/A       77%         4
 Irradiate                Conj/Tmut      3%         3d12      95%         5
 Yara's Violent Unravell  Hex/Tmut       2%         3d3       98%         5
 Dispersal                Tloc           2%         N/A       100%        6
 Dragon Form              Tmut           2%         N/A       100%        7
 Enfeeble                 Hex            2%         N/A       100%        7
 Disjunction              Tloc           2%         N/A       100%        8
 Dragon's Call            Summ           2%         N/A       100%        9


Dungeon Overview and Level Annotations

Branches:
Dungeon (7/15)             Temple (1/1) D:7

Altars:
Ashenzari
Cheibriados
Dithmenos
Elyvilon
Fedhas
Gozag
Hepliaklqana
Kikubaaqudgha
Makhleb
Nemelex Xobeh
Okawaru
Ru
Sif Muna
Trog
Vehumet
Wu Jian
Xom
Yredelemnul
Zin
The Shining One

Shops:
D:4 (   D:6 =


Innate Abilities, Weirdness & Mutations

You can breathe waves of freezing cold which knock back foes.
Your icy white scales are hard. (AC +6)
You cannot fit into any form of body armour.
Your flesh is cold resistant. (rC+)
You are cold-blooded and may be slowed by cold attacks.


Message History

You conjure some foxfire!
The foxfire hits the orc.
The orc is moderately wounded.
The foxfire hits the orc.
You kill the orc!
An orc comes into view. It is wielding a +0 flail.
You conjure some foxfire!
The foxfire hits the orc.
The orc is severely wounded.
The foxfire hits the orc.
The orc is almost dead.
You conjure some foxfire!
The foxfire hits the orc.
You kill the orc!
Your foxfire dissipates!
Your foxfire dissipates!
Your foxfire dissipates!
Your foxfire dissipates!
You hear the quick creaking of a very distant portcullis.
Magic restored.
q - 3 potions of curing (gained 2)
Things that are here:
a +0 short sword; an orc corpse You now have 312 gold pieces (gained 8).
You see here a +0 whip.
You now have 326 gold pieces (gained 14).
Things that are here:
a +0 dagger; a +0 scale mail; an orc corpse You hear the loud creaking of a very distant portcullis.
A sky beast comes into view.
There is a staircase to the Ecumenical Temple here.
You climb downwards.
Welcome to the Ecumenical Temple!
Found six altars.
There is a staircase back to the Dungeon here.
Found four altars.
Found a sparkling altar of Nemelex Xobeh.
There is a bloodstained altar of Trog here.
Found a hazy altar of Hepliaklqana.
Found three altars.
Found a burning altar of Makhleb and an ornate altar of the Wu Jian Council.
Found a snail-covered altar of Cheibriados.
Done exploring.
Done exploring.
Are you sure you want to abandon this character and quit the game? (Confirm with "yes".)

≈≈≈≈≈≈≈≈≈.....≈≈≈≈≈≈≈≈≈#
≈≈≈≈≈≈≈≈≈.....≈≈≈≈≈≈≈≈≈#
≈≈≈≈≈≈≈≈≈.....≈≈≈≈≈≈≈≈≈#
≈≈≈≈≈≈≈≈≈..<..≈≈≈≈≈≈≈≈≈#
≈≈≈≈≈≈≈≈≈.....≈≈≈≈≈≈≈≈≈#
≈≈≈≈≈≈≈≈≈.....≈≈≈≈≈≈≈≈≈#
≈≈≈≈≈≈≈≈≈.....≈≈≈≈≈≈≈≈≈#
≈≈≈≈≈≈≈≈.......≈≈≈≈≈≈≈≈#
≈≈≈≈≈...........@.≈≈≈≈≈#
≈≈≈.................≈≈≈#
≈≈......._._._.......≈≈#
≈...._._......._._....≈#
..._..............._...#
.......................#
........#######........#
8....#### ####....8#
...### ###...#


There were no monsters in sight!

Vanquished Creatures
  Prince Ribbit (D:6)
  An orc warrior (D:7)
  Blork the orc (D:6)
  5 killer bees
  2 jellies (D:6)
  6 hounds
  An orc priest (D:7)
  2 sleepcaps
  Natasha (thrice) (D:4)
  4 orc wizards
  6 adders
  An ufetubus (D:5)
  A worm (D:2)
  A dart slug (D:5)
  11 orcs
  2 endoplasms (D:3)
  3 giant cockroaches
  3 goblins
  9 hobgoblins
  7 jackals
  5 kobolds
  8 quokkas
  6 ball pythons
  7 bats
  5 frilled lizards
  8 rats
109 creatures vanquished.

Vanquished Creatures (others)
  377 foxfires
377 creatures vanquished.

Grand Total: 486 creatures vanquished

Notes
Turn   | Place    | Note
-------+----------+-------------------------------------------
     0 | D:1      | cheesebisquit the Draconian Fire Elementalist began the
                  | quest for the Orb.
     0 | D:1      | Reached XP level 1. HP: 14/14 MP: 3/3
   520 | D:1      | Reached skill level 1 in Fighting
   520 | D:1      | Reached XP level 2. HP: 23/23 MP: 0/5
  1535 | D:2      | Reached XP level 3. HP: 27/29 MP: 1/6
  1535 | D:2      | Found a faded altar of an unknown god.
  1960 | D:2      | Reached XP level 4. HP: 37/37 MP: 5/8
  3318 | D:4      | Noticed Natasha
  3455 | D:4      | Reached XP level 5. HP: 45/45 MP: 1/10
  3528 | D:4      | Killed Natasha
  3662 | D:4      | Found Qympil's Antique Weapon Boutique.
  3743 | D:4      | Noticed Natasha
  3750 | D:4      | Killed Natasha
  3925 | D:4      | Noticed Natasha
  3930 | D:4      | Killed Natasha
  4239 | D:5      | Entered Level 5 of the Dungeon
  4245 | D:5      | Reached XP level 6. HP: 53/53 MP: 6/12
  4866 | D:4      | Reached skill level 5 in Fighting
  5385 | D:5      | Reached skill level 5 in Spellcasting
  5385 | D:5      | Your scales start taking on an icy white colour.
  5385 | D:5      | Reached XP level 7. HP: 22/61 MP: 5/14
  5385 | D:5      | Gained mutation: Your flesh is cold resistant. (rC+) [White
                  | Draconian growth]
  5574 | D:5      | Learned a level 2 spell: Ensorcelled Hibernation
  5714 | D:5      | Found a shadowy altar of Dithmenos.
  5727 | D:5      | Found an ancient bone altar of Kikubaaqudgha.
  6355 | D:6      | Reached skill level 1 in Ice Magic
  6783 | D:6      | Identified the +5 rapier "Mobag" {drain, Will- Str+6
                  | Stlth+}
  6906 | D:6      | Noticed Prince Ribbit
  6915 | D:6      | Killed Prince Ribbit
  7032 | D:6      | Found Xaloenuf's Jewellery Shoppe.
  7089 | D:6      | Noticed Blork the orc
  7108 | D:6      | Killed Blork the orc
  7578 | D:7      | Reached XP level 8. HP: 69/71 MP: 12/16
  7891 | D:7      | Found a staircase to the Ecumenical Temple.
  8023 | Temple   | Entered the Ecumenical Temple
  8136 | Temple   | Quit the game

Illustrated notes

Levels and vault maps discovered:
D:1:      co_arrival_hall_of_pillars, layout_basic, serial_curves,
          eino_curves_02, eino_curves_01
D:2:      layout_basic, nicolae_ecumenical_snake_handling
D:3:      layout_loops_cross
D:4:      layout_basic, serial_shops, shop, uniq_natasha
D:5:      layout_cave_pods, mainiacjoe_overflow_large_starburst
D:6:      layout_loops_ring, serial_shops, kennysheep_mini, uniq_prince_ribbit1,
          uniq_blork_the_orc
D:7:      layout_loops_corners, mainiacjoe_overflow_tiny_flanked,
          mainiacjoe_overflow_concentric_impassable, minmay_temple_entry_waves,
          gammafunk_ghost_smash, enter_bailey_2, corexii_corridor_pit
Temple:   nicolae_temple_two_arcs

Skill      XL: |  1  2  3  4  5  6  7  8 |
---------------+-------------------------+-----
Fighting       | 1 2 3 4 5 6 |  6.8
Spellcasting   | 3 4 5 6 |  6.0
Fire Magic     | 2 |  2.4
Ice Magic      | 3 4 |  4.1
Dodging        | |  1.9
Stealth        | |  1.9
Conjurations   | |  1.1

Action                     |  1- 3 |  4- 6 |  7- 9 || total
---------------------------+-------+-------+-------++-------
  Melee: Unarmed           |     2 |     3 |       ||     5
         Spear             |    24 |    18 |       ||    42
         Punch             |     1 |     1 |     1 ||     3
         Tailslap          |     1 |     1 |     2 ||     4
         Great mace        |       |    22 |       ||    22
         Mace              |       |       |    22 ||    22
         War axe           |       |       |    12 ||    12
   Cast: Foxfire           |    62 |   107 |    54 ||   223
    Use: Potion            |       |     9 |       ||     9
         Scroll            |       |     7 |     7 ||    14
 Armour: Skin              |    18 |    23 |    25 ||    66
  Dodge: Dodged            |    37 |    61 |    42 ||   140

Table legend: (Time is in decaauts)
 A = Elapsed time spent in this place.
 B = Non-inter-level travel time spent in this place.
 C = Inter-level travel time spent in this place.
 D = Time resting spent in this place.
 E = Time spent auto-exploring this place.
 F = Levels seen in this place.
 G = Mean time per level.
                   A        B        C        D        E       F      G
               +--------+--------+--------+--------+--------+-----+--------+
         Total |   8156 |   7532 |    624 |    722 |   5880 |   8 | 1019.5 |
       Dungeon |   8044 |   7420 |    624 |    722 |   5774 |   7 | 1149.1 |
        Temple |    112 |    112 |      0 |      0 |    106 |   1 |  112.0 |
               +--------+--------+--------+--------+--------+-----+--------+

Top non-repeatable levels by time:
     D:5: 1599 daAuts
     D:4: 1236 daAuts
     D:6: 1221 daAuts
     D:2: 1211 daAuts
     D:3: 1181 daAuts
     D:1: 1093 daAuts
     D:7: 500 daAuts
  Temple: 112 daAuts
